 Dungeon Crawl Stone Soup version 0.29.0-4-gdea44cf6ec (webtiles) character file.

Game seed: 14098909162094757785

140 qw the Chopper (level 5, -2/30 HPs)
             Began as a Tengu Warper on Aug 28, 2022.
             Slain by Sigmund
             ... wielding a +0 scythe
              (6 damage)
             ... on level 3 of the Dungeon.
             The game lasted 00:00:13 (2728 turns).

qw the Chopper (Tengu Warper)                       Turns: 2728, Time: 00:00:14

Health: -2/30      AC: 13    Str: 13    XL:     5   Next: 22%
Magic:  9/9        EV:  8    Int: 13    God:
Gold:   116        SH:  0    Dex: 14    Spells: 8/8 levels left

rFire   . . .      SeeInvis .   Y - +0 hand axe
rCold   . . .      Faith    .   (no shield)
rNeg    . . .      Spirit   .   j - +0 plate armour
rPois   .          Reflect  .   (helmet restricted)
rElec   .          Harm     .   b - +0 cloak
rCorr   .          Rampage  .   d - +0 pair of gloves
Will    .....                   (boots unavailable)
Stlth   ..........              (no amulet)
HPRegen 0.10/turn               e - +4 ring of evasion
MPRegen 0.11/turn               (no ring)

@: confused, flying quickly and evasively, quick
A: beak, talons 3, nimble flight
a: no special abilities


You were on level 3 of the Dungeon.
You visited 1 branch of the dungeon, and saw 3 of its levels.

You collected 116 gold pieces.


Innate Abilities, Weirdness & Mutations

You have a beak for a mouth.
You have claws for feet.
Your magical nature lets you fly swiftly and evasively.


   Skills:
 - Level 2.0 Fighting
 + Level 5.5 Axes
 - Level 1.0 Throwing
 - Level 2.0 Armour
 - Level 2.1 Dodging
 - Level 2.0 Spellcasting
 - Level 2.4 Translocations


You had 8 spell levels left.
You didn't know any spells.
Your spell library contained the following spells:

 Spells                   Type           Power      Damage    Failure   Level
 Blink                    Tloc           14%        N/A       100%        2
 Gell's Gravitas          Tloc           7%         N/A       100%        3
 Lesser Beckoning         Tloc           7%         N/A       100%        3
 Teleport Other           Tloc           7%         N/A       100%        3
 Manifold Assault         Tloc           7%         N/A       100%        5

Inventory:

Hand Weapons
 a - a +0 whip
 Y - a +0 hand axe (weapon)
Armour
 b - a +0 cloak (worn)
 d - a +0 pair of gloves (worn)
 j - a +0 plate armour (worn)
Jewellery
 e - a +4 ring of evasion (left hand)
Scrolls
 c - 2 scrolls of identify
 g - a scroll of teleportation
Potions
 f - a potion of mutation {unknown}
 h - a potion of cancellation {unknown}
 i - a potion of curing {unknown}

Dungeon Overview and Level Annotations

Branches:
Dungeon (3/15)

Altars:

Annotations:
D:3 Sigmund


Message History

A kobold comes into view.
It is wielding a +0 short sword and quivering poisoned darts.
The kobold shouts!
The kobold throws a poisoned dart.
The poisoned dart barely misses you.
You hit the kobold.
The kobold is moderately wounded.
The kobold hits you but does no damage. x2
You barely miss the kobold.
The kobold is moderately wounded.
The kobold hits you but does no damage.
You hit the kobold.
You kill the kobold!
Found 18 gold pieces.
Things that are here:
a +0 short sword; 4 poisoned darts You now have 116 gold pieces (gained 18).
Sigmund the Dreaded comes into view.
He is wielding a +0 scythe.
Sigmund shouts!
Sigmund hits you but does no damage.
Sigmund mumbles some strange words.
Sigmund flickers and vanishes!
Deactivating autopickup; reactivate with Ctrl-A.
You see here a brown potion.
You hit something. Your kick misses something. Your peck misses something.
Something hits you!
You miss something. Your kick misses something. You miss something.
You claw something. You peck something.
A goblin comes into view. It is wielding a +0 club.
Something hits you but does no damage.
2721 ||| FLEEEEING.
The goblin shouts!
Something hits you!
2722 ||| FLEEEEING.
2723 ||| FLEEEEING.
You are confused.
You're too confused to attack without stumbling around!
There is a strange disturbance nearby!
Something hits you!
You bump into the rock wall.
Something hits you.
You die...

############
#.@.g.......
##########.####.#####
######.............#
#
#....)..........##.#
#.###.########### ..
......# .# #.##### #
..# #.#


You could see a goblin.

Vanquished Creatures
  Crazy Yiuf (D:2)
  Natasha (twice) (D:2)
  A worm (D:2)
  3 dart slugs
  4 ball pythons
  5 bats (D:1)
  2 endoplasms
  A giant cockroach (D:2)
  5 goblins
  7 hobgoblins
  7 jackals
  4 kobolds
  A quokka (D:2)
  2 frilled lizards (D:1)
  3 rats
48 creatures vanquished.

Notes
Turn   | Place    | Note
-------+----------+-------------------------------------------
     0 | D:1      | qw the Tengu Warper began the quest for the Orb.
     0 | D:1      | Reached XP level 1. HP: 12/12 MP: 4/4
     0 | D:1      | 0 ||| qw: Version: 0.1-a-89-g26bdef1
     0 | D:1      | 0 ||| qw: Game counter: 1450
     0 | D:1      | 0 ||| qw: Always use a shield: true
     0 | D:1      | 0 ||| qw: God list: Okawaru
     0 | D:1      | 0 ||| qw: Allow faded altars: false
     0 | D:1      | 0 ||| qw: Do Orc after D:15 true
     0 | D:1      | 0 ||| qw: Do second Lair branch before Depths: true
     0 | D:1      | 0 ||| qw: Lair rune preference: random
     0 | D:1      | 0 ||| qw: Plans: Normal
     0 | D:1      | 0 ||| PLANNING D:1-11
    77 | D:1      | 77 ||| Stepping ~*~*~tactically~*~*~ (stealth).
    82 | D:1      | Reached skill level 3 in Axes
    82 | D:1      | Reached XP level 2. HP: 17/17 MP: 6/6
   638 | D:1      | Reached XP level 3. HP: 19/21 MP: 7/7
   894 | D:1      | 894 ||| Stepping ~*~*~tactically~*~*~ (hiding).
  1049 | D:1      | 1049 ||| UPGRADING to +0 pair of gloves.
  1054 | D:1      | 1054 ||| UPGRADING to +0 plate armour.
  1064 | D:1      | 1064 ||| DROPPING +0 leather armour.
  1065 | D:1      | 1065 ||| UPGRADING to +4 ring of evasion.
  1066 | D:1      | 1066 ||| READING scroll labelled XAES BARGHEGEIC.
  1069 | D:1      | 1069 ||| DROPPING scroll of blinking.
  1099 | D:2      | Reached skill level 4 in Axes
  1159 | D:2      | Found a faded altar of an unknown god.
  1259 | D:2      | 1259 ||| DROPPING +0 club.
  1526 | D:2      | 1526 ||| Stepping ~*~*~tactically~*~*~ (stealth).
  1527 | D:2      | 1527 ||| Stepping ~*~*~tactically~*~*~ (stealth).
  1593 | D:2      | Reached XP level 4. HP: 26/26 MP: 8/8
  1897 | D:2      | Noticed Natasha
  1905 | D:2      | Killed Natasha
  2122 | D:2      | Found a runed translucent door.
  2123 | D:2      | Noticed Crazy Yiuf
  2275 | D:2      | Noticed Natasha
  2276 | D:2      | 2276 ||| Stepping ~*~*~tactically~*~*~ (hiding).
  2277 | D:2      | 2277 ||| Stepping ~*~*~tactically~*~*~ (hiding).
  2278 | D:2      | 2278 ||| Stepping ~*~*~tactically~*~*~ (hiding).
  2283 | D:2      | Killed Natasha
  2284 | D:2      | Reached skill level 5 in Axes
  2444 | D:2      | 2444 ||| READING 2 scrolls labelled BENTENW VUTUO.
  2445 | D:2      | 2445 ||| READING scroll labelled EREZXY DAYTACK.
  2446 | D:2      | 2446 ||| READING scroll labelled EMUSAS UNEWUMU.
  2447 | D:2      | 2447 ||| READING scroll labelled GARCHO TUEMEH.
  2448 | D:2      | 2448 ||| DRINKING 2 bubbling grey potions.
  2449 | D:2      | 2449 ||| DROPPING potion of attraction.
  2450 | D:2      | 2450 ||| Stepping randomly (stuck).
  2453 | D:2      | Killed Crazy Yiuf
  2454 | D:2      | Gained mutation: Your magical nature lets you fly swiftly
                  | and evasively. [Tengu growth]
  2454 | D:2      | Reached XP level 5. HP: 18/30 MP: 9/9
  2574 | D:2      | 2574 ||| UPGRADING to +0 cloak.
  2715 | D:3      | Noticed Sigmund
  2721 | D:3      | 2721 ||| FLEEEEING.
  2722 | D:3      | 2722 ||| FLEEEEING.
  2723 | D:3      | 2723 ||| FLEEEEING.
  2725 | D:3      | HP: 4/30 [something (9)]
  2728 | D:3      | Slain by Sigmund

Levels and vault maps discovered:
D:1:      erik_arrival_blinker_ship, layout_basic, nicolae_figureground_sparkle
D:2:      layout_basic, hellmonk_ecumenical_altar_slurped_away,
          uniq_crazy_yiuf_cottage, uniq_natasha
D:3:      layout_loops_ring, nicolae_overflow_two_pavilions, uniq_sigmund,
          uniq_terence

Skill      XL: |  1  2  3  4 |
---------------+-------------+-----
Axes           | 3 4 5 |  5.5
Armour         | 2 |  2.0
Fighting       | |  2.0
Throwing       | |  1.0
Dodging        | |  2.1
Spellcasting   | |  2.0
Translocations | |  2.4

Action                   |  1- 3 |  4- 6 || total
-------------------------+-------+-------++-------
Melee: Hand axe          |    97 |    27 ||   124
       Kick              |    16 |     8 ||    24
       Peck              |    14 |     3 ||    17
       Punch             |     1 |       ||     1
       Unarmed           |       |     1 ||     1
Throw: Boomerang         |     7 |       ||     7
  Use: Scroll            |     1 |     4 ||     5
       Potion            |       |     1 ||     1
Armor: Leather armour    |    16 |       ||    16
       Plate armour      |    22 |    12 ||    34
Dodge: Dodged            |    46 |     7 ||    53

Table legend:
 A = Non-vault XP
 B = Vault XP
 C = Vault XP percentage of total XP
 D = Non-vault monster count
 E = Vault monster count
 F = Vault count percentage of total count
                 A         B        C        D         E       F
            +---------+---------+-------+---------+---------+-------
      Total |     119 |      81 |  40.5 |      45 |       3 |   6.2
            +---------+---------+-------+---------+---------+-------
        D:1 |      44 |       0 |   0.0 |      23 |       0 |   0.0
        D:2 |      72 |      81 |  52.9 |      20 |       3 |  13.0
        D:3 |       3 |       0 |   0.0 |       2 |       0 |   0.0
            +---------+---------+-------+---------+---------+-------
